[ AOE2 MATCH · #485369486 ]
UnrankedHuns vs Armenians
[ REPLAY ANALYSIS · EXTRACTED FROM THE RECORDED GAME ]
Feudal
—
Castle
—
Imperial
—
| APM avg | 35.7 |
| APM peak | 67 |
| eAPM avg | 9.9 |
| Villagers / military | 4 / 0 |
Focus
⚔️ 0.0% · 🌾 100.0%
Feudal
—
Castle
—
Imperial
—
| APM avg | 22.4 |
| APM peak | 40 |
| eAPM avg | 16.1 |
| Villagers / military | 4 / 0 |
Focus
⚔️ 8.3% · 🌾 91.7%
Feudal
—
Castle
—
Imperial
—
| APM avg | 57.1 |
| APM peak | 59 |
| eAPM avg | 13.0 |
| Villagers / military | 0 / 0 |
Focus
⚔️ 0.0% · 🌾 100.0%
Feudal
—
Castle
—
Imperial
—
| APM avg | 21.4 |
| APM peak | 52 |
| eAPM avg | 13.7 |
| Villagers / military | 5 / 0 |
Focus
⚔️ 26.7% · 🌾 73.3%
Feudal
—
Castle
—
Imperial
—
| APM avg | 43.2 |
| APM peak | 47 |
| eAPM avg | 14.0 |
| Villagers / military | 5 / 0 |
Focus
⚔️ 0.0% · 🌾 100.0%
Feudal
—
Castle
—
Imperial
—
| APM avg | 43.5 |
| APM peak | 86 |
| eAPM avg | 12.1 |
| Villagers / military | 0 / 0 |
Focus
⚔️ 36.4% · 🌾 63.6%
Match map
Initial resources + every placement click. Lines = walls · curves = elevation contours. ◆ gold · ⬟ stone · ● berries · ✦ relic · ◌ wall gap
Your base
TAG_Sitaux's base
[Nors] r0adyy's base
[Nors]Zanato's base
Shulk's base
[Nors] ImSimon's base
Smoothed initial terrain · ◌ = detected wall gap · hover for details
Inputs per minute
— Tointoin - - TAG_Sitaux
Build order — Tointoin
5 actions detected in the replay
| 0:09 | Build | Town Center |
| 2:33 | Create | Villager (Male) |
| 2:33 | Create | Villager (Male) |
| 2:34 | Create | Villager (Male) |
| 2:34 | Create | Villager (Male) |
Build order — TAG_Sitaux
7 actions detected in the replay
| 0:09 | Build | Town Center |
| 2:19 | Create | Villager (Male) |
| 2:20 | Create | Villager (Male) |
| 2:20 | Create | Villager (Male) |
| 2:20 | Create | Villager (Male) |
| 2:25 | Build | House |
| 3:11 | Build | Palisade Wall |
Build order — [Nors] r0adyy
1 actions detected in the replay
| 0:44 | Build | Town Center |
Build order — [Nors]Zanato
7 actions detected in the replay
| 0:04 | Build | Town Center |
| 2:13 | Build | House |
| 2:31 | Create | Villager (Male) |
| 2:31 | Create | Villager (Male) |
| 2:31 | Create | Villager (Male) |
| 2:31 | Create | Villager (Male) |
| 2:32 | Create | Villager (Male) |
Build order — Shulk
7 actions detected in the replay
| 0:43 | Build | Town Center |
| 2:36 | Build | House |
| 2:49 | Create | Villager (Male) |
| 2:49 | Create | Villager (Male) |
| 2:49 | Create | Villager (Male) |
| 2:50 | Create | Villager (Male) |
| 2:50 | Create | Villager (Male) |
Build order — [Nors] ImSimon
2 actions detected in the replay
| 0:03 | Build | Town Center |
| 2:29 | Research | Loom |
Match timeline
| 3:04 | [Nors] ImSimon · resign |
| 3:11 | TAG_Sitaux · wall_segment Palisade Wall x1 |
[ AI ANALYSIS · 1 CREDIT ]
What really happened in this match?
Wolo.gg analyzes every decision: build order, eco, micro, common mistakes by bracket. Personalized analysis on WhatsApp or Discord in 30 seconds.
Civ guide
Huns
Perfil
Tointoin